 Dungeon Crawl Stone Soup version 0.31.0-4-g52a2dc7128 (webtiles) character file.

Game seed: 14303631756446777470

597 dialectric the Cudgeller (level 7, -4/56 (61) HPs)
             Began as a Minotaur Chaos Knight on Jan 22, 2024.
             Was a Plaything of Xom.
             Slain by a kobold brigand
             ... wielding a +0 short sword
              (8 damage)
             ... on level 7 of the Dungeon.
             The game lasted 00:03:51 (2426 turns).

dialectric the Cudgeller (Minotaur Chaos Knight)    Turns: 2426, Time: 00:03:52

HP:   -4/56 (61)    AC:  7    Str: 16 (18) XL:     7   Next: 17%
MP:   6/6           EV: 17    Int: 13 (15) God:    Xom [......]
Gold: 252           SH:  0    Dex:  9 (10) Spells: 6/6 levels left

rFire   . . .        o - +6 dagger (venom)
rCold   . . .        (no shield)
rNeg    . . .        b - +2 leather armour
rPois   .            (helmet restricted)
rElec   .            (no cloak)
rCorr   .            (no gloves)
SInv    .            g - +1 pair of boots
Will    .....        (no amulet)
Stlth   +            d - +6 ring of intelligence
HPRegen 0.29/turn    k - +5 ring of evasion
MPRegen 0.10/turn

%: no passive effects
@: drained
A: horns 2, retaliatory headbutt
a: Renounce Religion


You were on level 7 of the Dungeon.
You worshipped Xom.
You were a very special plaything of Xom.
You visited 1 branch of the dungeon, and saw 8 of its levels.

You collected 252 gold pieces.

Inventory:

Hand Weapons
 a - a +0 mace of chaos
 o - a +6 dagger of venom (weapon)
Missiles
 l - 18 poisoned darts (quivered)
Armour
 b - a +2 leather armour (worn)
 g - a +1 pair of boots (worn)
Jewellery
 d - a +6 ring of intelligence (left hand)
 e - a ring of wizardry
 k - a +5 ring of evasion (right hand)
 n - a +6 ring of dexterity
Wands
 r - a wand of flame (20)
 u - a wand of acid (10)
 z - a wand of charming (8)
 A - a wand of roots (2)
Scrolls
 c - a scroll of butterflies
 f - 2 scrolls of revelation {unknown}
 h - a scroll of silence {unknown}
 j - 4 scrolls of teleportation {unknown}
 q - a scroll of fear {unknown}
 s - a scroll of poison {unknown}
 w - 4 scrolls of identify {unknown}
 y - a scroll of vulnerability {unknown}
Potions
 i - a potion of degeneration
 m - a potion of mutation {unknown}
 p - a potion of might {unknown}
 t - a potion of brilliance {unknown}
 x - a potion of cancellation {unknown}


   Skills:
 + Level 5.5 Fighting
 + Level 2.4 Short Blades
 + Level 6.6 Maces & Flails
 + Level 0.7 Throwing
 + Level 3.7 Armour
 - Level 3.1 Dodging
 - Level 1.1 Stealth
 * Level 1.0 Evocations


You had 6 spell levels left.
You didn't know any spells.
Your spell library was empty.

Dungeon Overview and Level Annotations

Branches:
Dungeon (8/15)
 Temple: D:4-7         Lair: D:8-11

Altars:
Ru

Shops:
D:4 (   D:5 :


Innate Abilities, Weirdness & Mutations

You have a pair of horns on your head.
You reflexively headbutt those who attack you in melee.


Message History

It was a potion of curing.
You feel better. The white imp hits you.
* * * LOW HITPOINT WARNING * * *
The white imp freezes you.
* * * LOW HITPOINT WARNING * * *
The kobold brigand completely misses you.
Unknown command.
Unknown command.
Unknown command.
You miss the kobold brigand.
The kobold brigand is heavily wounded.
The white imp misses you.
Unknown command.
Unknown command.
You barely miss the white imp.
The white imp is moderately wounded.
The kobold brigand barely misses you. The white imp completely misses you.
Unknown command.
You feel better.
The kobold brigand hits you with a +0 short sword.
* * * LOW HITPOINT WARNING * * *
The white imp completely misses you.
Unknown command.
Unknown command.
You hit the white imp.
The white imp is heavily wounded.
The kobold brigand hits you but does no damage.
The white imp gestures at you. The puff of frost hits you.
* * * LOW HITPOINT WARNING * * *
You hit the white imp but do no damage.
The white imp is heavily wounded.
The kobold brigand hits you with a +0 short sword.
* * * LOW HITPOINT WARNING * * *
The white imp hits you but does no damage.
Unknown command.
You hit the white imp.
The white imp is poisoned.
The white imp is almost dead.
You kill the white imp!
The kobold brigand hits you with a +0 short sword!
You die...

..... ......
...... ## ......
.## .......##
... ..
........##.#....
#.. #..>)......
#..###).#.##...
#...#@K#.#
#.#......#...
#............
#............
................
####............
#............
#............
.............


You could see a kobold brigand (poisoned).

Vanquished Creatures
  A black bear (D:5)
  An ogre (D:5)
  A bullfrog (D:7)
  A howler monkey (D:5)
  A bombardier beetle (D:5)
  2 hounds (D:4)
  Natasha (D:2)
  2 iguanas (D:5)
  7 adders
  A white imp (D:7)
  2 ufetubi (D:6)
  3 ribbon worms
  17 orcs
  An endoplasm (D:1)
  3 giant cockroaches
  7 goblins
  4 hobgoblins
  3 quokkas
  A ball python (D:2)
  A frilled lizard (D:1)
  8 kobolds
  5 rats
73 creatures vanquished.

Notes
Turn   | Place    | Note
-------+----------+-------------------------------------------
     0 | D:1      | dialectric the Minotaur Chaos Knight began the quest for
                  | the Orb.
     0 | D:1      | Reached XP level 1. HP: 19/19 MP: 0/0
   105 | D:1      | XOM: silly message
   126 | D:1      | XOM: silly message
   154 | D:1      | Reached XP level 2. HP: 27/27 MP: 1/1
   249 | D:2      | Reached skill level 4 in Maces & Flails
   390 | D:2      | Reached XP level 3. HP: 34/34 MP: 2/2
   667 | D:2      | Noticed Natasha
   667 | D:2      | XOM: silly message
   670 | D:2      | Killed Natasha
   671 | D:2      | Reached XP level 4. HP: 41/41 MP: 3/3
  1049 | D:3      | XOM: silly message
  1062 | D:3      | Reached skill level 5 in Maces & Flails
  1169 | D:3      | XOM: potion effect (brilliance)
  1211 | D:3      | Reached skill level 5 in Fighting
  1265 | D:3      | XOM: silly message
  1394 | D:3      | XOM: stat loss: -1 Int (14/15)
  1496 | D:4      | Reached XP level 5. HP: 48/48 MP: 4/4
  1726 | D:4      | Found a sacrificial altar of Ru.
  1758 | D:4      | Found Iloemaerch's Antique Weapon Boutique.
  1952 | D:5      | XOM: noise
  1952 | D:5      | Entered Level 5 of the Dungeon
  1952 | D:5      | Found Ulytohem's Book Boutique.
  2000 | D:5      | Noticed an ogre
  2001 | D:5      | XOM: stat loss: -1 Str (17/18)
  2005 | D:5      | Killed an ogre
  2005 | D:5      | Noticed a black bear
  2006 | D:5      | Reached skill level 1 in Short Blades
  2006 | D:5      | Reached XP level 6. HP: 56/56 MP: 5/5
  2015 | D:5      | Reached skill level 6 in Maces & Flails
  2015 | D:5      | Reached skill level 1 in Stealth
  2240 | D:5      | Reached XP level 7. HP: 44/61 MP: 6/6
  2289 | D:6      | XOM: draining
  2309 | D:6      | XOM: repel stairs
  2378 | D:7      | Reached skill level 1 in Evocations
  2381 | D:7      | XOM: enchant monster (bad)
  2418 | D:7      | XOM: noise
  2426 | D:7      | Slain by a kobold brigand

Illustrated notes

Levels and vault maps discovered:
D:1:      dpeg_arrival_yet_another_circle, layout_basic, minmay_misc_feat_doors
D:2:      layout_basic, uniq_natasha
D:3:      layout_rooms, gammafunk_temple_overflow_claw
D:4:      layout_rooms, mainiacjoe_overflow_paths, serial_shops, shop
D:5:      layout_basic, mainiacjoe_overflow_divided_tiny, serial_shops,
          nicolae_shop_advertising_works [nicolae_subvault_shop_adworks]
D:6:      wad_woods_stonehenge, layout_basic, temple_doors_e
D:7:      layout_rooms, zin_angel, minmay_manual_maat
D:8:      layout_basic, mainiacjoe_overflow_chevrons, minmay_lair_entry_lava,
          gammafunk_ghost_wrathful_warriors, serial_shops,
          nicolae_shop_temple_entry_statues_fountains, uniq_gastronok

Skill      XL: |  1  2  3  4  5  6  7 |
---------------+----------------------+-----
Fighting       | 4 5 |  5.5
Maces & Flails | 4 5 6 |  6.6
Armour         | 3 |  3.7
Dodging        | 2 3 |  3.1
Short Blades   | 1 2 |  2.4
Stealth        | 1 |  1.1
Evocations     | 1 |  1.0
Throwing       | |  0.7

Action                     |  1- 3 |  4- 6 |  7- 9 || total
---------------------------+-------+-------+-------++-------
  Melee: Mace              |    36 |    52 |       ||    88
         Headbutt          |     5 |    12 |     1 ||    18
         Punch             |     1 |     1 |       ||     2
         Dagger            |       |    48 |    21 ||    69
  Throw: Dart              |       |     4 |       ||     4
  Evoke: Wand              |       |     2 |       ||     2
    Use: Potion            |       |       |     3 ||     3
   Stab: Paralysed         |     1 |       |       ||     1
 Armour: Leather armour    |    17 |    64 |    21 ||   102
  Dodge: Dodged            |    25 |    98 |    25 ||   148
